Cogmind - Beta 17 @@@ ROGUE MODE // 2026.08.16 @ 14:46:24 Player: 4R-ZE3 Result: Self-destructed Performance ------------- Evolutions (2) 1000 Regions Visited (5) 1000 Robots Destroyed (26) 130 Value Destroyed (739) 739 Prototype IDs (1) 20 Alien Tech Used (0) 0 Bonus (53) 53 TOTAL SCORE: 2942 Bonus ------- Follower Combat Kills 53 Cogmind --------- Core Integrity 372/550 Matter 300/300 Energy 160/160 System Corruption 0% Temperature Cool (0) Movement Treading (160) Location -8/Materials Parts ------- > --- POWER (1) -------- Light Nuclear Core > --- PROPULSION (4) --- Light Treads Light Treads Light Treads Wheel > --- UTILITY (4) ------ Heat Sink Improved Heat Sink Large Storage Unit > --- WEAPON (2) ------- Precision Beam Rifle > --- INVENTORY (15) --- Light Nuclear Core Medium Laser Beam Rifle Particle Gun Precision Beam Rifle Heavy Laser Particle Cannon Assault Rifle Light Assault Rifle Heavy Assault Rifle Bore Cannon Grenade Launcher Grenade Launcher Rocket Launcher Peak State ------------ > --- POWER ------------ Fission Core > --- PROPULSION ------- Light Treads Light Treads Wheel Compact Wheel > --- UTILITY ---------- Heat Sink Improved Heat Sink Large Storage Unit Hardened Light Armor Plating > --- WEAPON ----------- Precision Beam Rifle Beamcaster > --- INVENTORY -------- Light Treads Wheel Improved Heat Sink Medium Laser Medium Laser Beam Rifle Particle Gun Particle Cannon Assault Rifle Light Assault Rifle Heavy Assault Rifle Bore Cannon Grenade Launcher Grenade Launcher Rocket Launcher [Rating: 27] Favorites ----------- Power Ion Engine Engine Ion Engine Power Core Fission Core Propulsion Light Treads Treads Light Treads Wheel Wheel Utility Large Storage Unit Device Improved Heat Sink Storage Large Storage Unit Protection Hardened Light Armor Plating Weapon Medium Laser Energy Gun Medium Laser Energy Cannon Particle Cannon Ballistic Gun Light Assault Rifle Build | -11 -10 -10 -10 -9 -8 ------- Run | Yrd Mat Min Exi Min Mat Slots Evolved 4 | . . . . . 4 Power . | . . . . . . Propulsion 2 | . . . . . 2 Utility 2 | . . . . . 2 Weapon . | . . . . . . Parts Attached 29 | 8 4 2 . 2 13 Power 5 | 1 1 . . 1 2 Engine 2 | 1 1 . . . . Core 3 | . . . . 1 2 Reactor . | . . . . . . Propulsion 11 | 4 . . . 1 6 Treads 7 | 2 . . . . 5 Leg . | . . . . . . Wheel 4 | 2 . . . 1 1 Hover . | . . . . . . Flight . | . . . . . . Utility 6 | 1 2 1 . . 2 Device 3 | . 1 1 . . 1 Storage 2 | 1 1 . . . . Processor . | . . . . . . Hackware . | . . . . . . Protection 1 | . . . . . 1 Artifact . | . . . . . . Weapon 7 | 2 1 1 . . 3 Energy Gun 4 | 2 . 1 . . 1 Energy Cannon 1 | . . . . . 1 Ballistic Gun 2 | . 1 . . . 1 Ballistic Cannon . | . . . . . . Launcher . | . . . . . . Special Weapon . | . . . . . . Impact Weapon . | . . . . . . Slashing Weapon . | . . . . . . Piercing Weapon . | . . . . . . Special Melee Weapon . | . . . . . . Unidentified Prototypes 1 | . . . . . 1 Parts Lost 13 | . 1 . . 3 9 Power 3 | . 1 . . 1 1 Propulsion 6 | . . . . 2 4 Utility 2 | . . . . . 2 Weapon 2 | . . . . . 2 Highest Loss Streak 5 | . 1 . . 3 5 To Critical Strikes . | . . . . . . Average Backups 10 | 1 4 8 11 13 13 Power . | . . . . . . Propulsion 2 | 1 2 3 3 2 1 Utility 1 | . . 1 3 3 . Weapon 6 | . 1 3 5 6 11 Tool/Special . | . . . . . . Unused Backups 10 | . . . . . 10 Power . | . . . . . . Propulsion . | . . . . . . Utility . | . . . . . . Weapon 10 | . . . . . 10 Tool/Special . | . . . . . . Average Slot Usage (%) 94 | . 90 100 100 98 89 Engine 8 | . 13 14 14 9 . Core 3 | . . . . 3 8 Treads 22 | . 28 28 28 18 16 Wheel 5 | . . . . 8 14 Device 13 | . 5 14 14 14 17 Storage 12 | . 14 14 14 14 9 Protection 1 | . . . . . 5 Energy Gun 23 | . 22 28 28 28 15 Ballistic Gun 1 | . 5 . . . 1 Peak Build Rating 27 | 6 7 14 14 19 27 Average Rating 14 | 4 6 9 14 15 24 On Entrance 10 | . 6 7 14 14 19 Avg Prop Armor Cover (%) 4 | . . . . 14 3 Naked Turns . | . . . . . . Heaviest Build 46 | 12 30 33 33 38 46 Greatest Support 60 | 40 40 40 40 40 60 Greatest Overweight (x) 2 | . . . . 2 1 Average Overweight (x) . | . . . . . . Largest Inventory Capacity 15 | 8 15 15 15 15 15 Average Capacity 13 | 6 9 15 15 15 15 Most Carried 15 | 3 7 11 11 15 15 Average Carried 10 | 1 4 8 11 13 13 Final Capacity 15 | 8 15 15 15 15 15 Final Carried 15 | 3 7 11 11 15 14 Class Distribution -------------------- 80% | Mutant 19% | Scavenger-Mutant Dominant Class ---------------- Mutant | -10/Materials Mutant | -10/Mines Mutant | -10/Exiles Mutant | -9/Mines Scavenger-Mutant | -8/Materials Resources | -11 -10 -10 -10 -9 -8 ----------- Run | Yrd Mat Min Exi Min Mat Matter Collected 613 | 233 86 38 . 35 221 Remotely . | . . . . . . Salvage Created 1080 | . 177 93 . 43 767 Parts 52 | . 11 6 . 3 32 Haulers Intercepted 3 | . . . . . 3 Recyclers Shooed . | . . . . . . Parts Field Recycled . | . . . . . . Retrieved Matter . | . . . . . . Parts Self-Destructed . | . . . . . . Prevented . | . . . . . . Parts Restored . | . . . . . . Kills | -11 -10 -10 -10 -9 -8 ------- Run | Yrd Mat Min Exi Min Mat Combat Hostiles Destroyed 20 | . 6 4 . 1 9 Guns 18 | . 6 4 . 1 7 Cannons 2 | . . . . . 2 Classes Destroyed 8 | . 2 . . 1 5 Worker 1 | . . . . . 1 Hauler 3 | . . . . . 3 Recycler 2 | . . . . . 2 Swarmer 6 | . 3 3 . . . Grunt 9 | . 3 1 . . 5 Sentry 2 | . . . . . 2 Demolisher 1 | . . . . 1 . Hunter 2 | . . . . . 2 Best Kill Streak 3 | . 2 3 . 1 3 Combat Bots Only 3 | . 2 3 . 1 3 Max Kills in Single Turn 2 | . 1 1 . 1 2 Gunslinging . | . . . . . . Exploded . | . . . . . . Melee . | . . . . . . Uniques/NPCs Destroyed . | . . . . . . Combat | -11 -10 -10 -10 -9 -8 -------- Run | Yrd Mat Min Exi Min Mat Hostile Shots Fired 136 | . 44 13 . 9 70 Missed 29 | . 6 4 . 1 18 Hits 107 | . 38 9 . 8 52 Projectile 107 | . 38 9 . 8 52 AOE 8 | . . . . 8 . Critical Strikes 3 | . . 1 . . 2 Damage Taken 1644 | . 368 92 . 314 870 Core 353 | . 36 16 . 123 178 Absorbed by Shields . | . . . . . . Core Remaining (%) 65 | 100 . . . 30 . Volleys Fired 91 | . 21 7 . 8 55 Largest 2 | . 2 2 . 2 2 Hottest 143 | . 100 125 . 125 143 Shots Fired 182 | . 42 14 . 16 110 Gun 170 | . 42 14 . 16 98 Cannon 12 | . . . . . 12 Launcher . | . . . . . . Special . | . . . . . . Kinetic 28 | . 14 . . . 14 Thermal 154 | . 28 14 . 16 96 Explosive . | . . . . . . Electromagnetic . | . . . . . . Robot Hit Streak 16 | . 9 5 . 4 16 Robot Miss Streak 6 | . 4 3 . 3 6 Penetration Max . | . . . . . . Secondary Targets . | . . . . . . Shots Hit Robots 123 | . 26 6 . 8 83 Core Hits 43 | . 9 4 . 5 25 Critical Kills . | . . . . . . Critical Parts Destroyed . | . . . . . . Critical Strikes 6 | . 1 1 . . 4 Burn 6 | . 1 1 . . 4 Melee Attacks . | . . . . . . Impact . | . . . . . . Slashing . | . . . . . . Piercing . | . . . . . . Sneak Attacks . | . . . . . . Combat Hostiles . | . . . . . . Follow-up Attacks . | . . . . . . Damage Inflicted 2167 | . 301 90 . 141 1635 Guns 1961 | . 301 90 . 141 1429 Cannons 206 | . . . . . 206 Explosions . | . . . . . . Melee . | . . . . . . Ramming . | . . . . . . Kinetic 205 | . 64 . . . 141 Thermal 1962 | . 237 90 . 141 1494 Explosive . | . . . . . . Electromagnetic . | . . . . . . Impact . | . . . . . . Slashing . | . . . . . . Piercing . | . . . . . . Highest Corruption . | . . . . . . Average Corruption . | . . . . . . Corruption Purged . | . . . . . . Corruption Blocked . | . . . . . . Overload Shots . | . . . . . . Overflow Damage . | . . . . . . Projectiles . | . . . . . . Explosions . | . . . . . . Melee . | . . . . . . Knockbacks . | . . . . . . Impact . | . . . . . . Kinetic . | . . . . . . Secondary . | . . . . . . Self-Inflicted Damage . | . . . . . . Shots . | . . . . . . Rammed 1 | . 1 . . . . Targets Rammed 1 | . 1 . . . . Kicked . | . . . . . . Crushed . | . . . . . . Highest Temperature 281 | . 281 84 . 67 162 Average Temperature 76 | . 123 36 . 36 60 Received Heat Transfer 522 | . 156 24 . . 342 Siege Activations . | . . . . . . Martial Activations . | . . . . . . Shielding Activations . | . . . . . . Robots Disrupted . | . . . . . . Combat Hostiles . | . . . . . . Robots Corrupted . | . . . . . . Combat Hostiles . | . . . . . . Parts Fried . | . . . . . . Impact Corruptions . | . . . . . . Robots Melted . | . . . . . . Combat Hostiles . | . . . . . . Parts Melted 6 | . 1 1 . . 4 Heat Transferred 4514 | . 777 296 . 333 3108 Parts Sabotaged . | . . . . . . Parts Stolen . | . . . . . . Parts Stripped . | . . . . . . Power Chain Reactions . | . . . . . . Alert | -11 -10 -10 -10 -9 -8 ------- Run | Yrd Mat Min Exi Min Mat Maximum Alert Level . | . . . . . . Low Security (%) 100 | 100 100 100 . 100 100 Level 1 . | . . . . . . Level 2 . | . . . . . . Level 3 . | . . . . . . Level 4 . | . . . . . . Level 5 . | . . . . . . High Security . | . . . . . . Max Security . | . . . . . . Peak Influence 91 | . 91 73 . 72 61 Initial 1 | . . 1 . . . Average 20 | . 45 10 . 14 16 Influence Increases 811 | . 221 126 . 122 342 Destroy 0b10 Robot/C 500 | . 120 100 . 100 180 Destroy 0b10 Robot/NC 30 | . . . . . 30 Destroy Leader 106 | . 20 20 . 10 56 Allied During Kill 18 | . . 6 . 12 . Successful Hack 5 | . 5 . . . . Select Force Hacks 60 | . 30 . . . 30 Disable Machine 30 | . . . . . 30 Destroy Structure 2 | . 1 . . . 1 Lose Combat Pursuer 60 | . 45 . . . 15 Influence Decreases 811 | . 216 90 41 122 342 Entered New Map 45 | . . 4 41 . . Time Decay 650 | . 206 74 . 102 268 Lost Part 84 | . 10 . . . 74 Lost Ally 32 | . . 12 . 20 . Squads Dispatched 3 | . 1 . . . 2 Investigation 2 | . 1 . . . 1 Extermination . | . . . . . . Reinforcement 1 | . . . . . 1 Assault . | . . . . . . Garrison . | . . . . . . Intercept . | . . . . . . Searches Triggered . | . . . . . . Construction Impeded . | . . . . . . Haulers Reinforced . | . . . . . . Active Scanning Responses . | . . . . . . Cargo Convoy Interrupts . | . . . . . . Stealth | -11 -10 -10 -10 -9 -8 --------- Run | Yrd Mat Min Exi Min Mat Distress Signals 5 | . 1 . . . 4 Communications Jammed . | . . . . . . Distress Signals . | . . . . . . Times Spotted 54 | . 13 5 . 14 22 Peak Tracking Total 14 | . 3 3 . 14 4 Tactical Retreats 5 | . 3 . . 1 1 Traps | -11 -10 -10 -10 -9 -8 ------- Run | Yrd Mat Min Exi Min Mat Traps Triggered . | . . . . . . Indirectly . | . . . . . . Trap Hack Attempts . | . . . . . . Triggered . | . . . . . . Disarmed . | . . . . . . Reprogrammed . | . . . . . . Reused . | . . . . . . Traps Extracted . | . . . . . . Installed . | . . . . . . Triggered . | . . . . . . Machines | -11 -10 -10 -10 -9 -8 ---------- Run | Yrd Mat Min Exi Min Mat Machines Disabled 2 | . . . . . 2 Max in Single Turn 1 | . . . . . 1 Machines Repaired . | . . . . . . Machines Dismantled . | . . . . . . Machines Sabotaged . | . . . . . . Overloaded Fab Kills . | . . . . . . Hacking | -11 -10 -10 -10 -9 -8 --------- Run | Yrd Mat Min Exi Min Mat Machines Accessed 5 | . 2 . 1 . 2 Terminals 2 | . 1 . . . 1 Fabricators . | . . . . . . Repair Stations . | . . . . . . Recycling Units 2 | . 1 . . . 1 Scanalyzers . | . . . . . . Garrison Access . | . . . . . . Total Hacks 34 | . 8 . 23 . 3 Successful 28 | . 3 . 23 . 2 Failed 6 | . 5 . . . 1 Catastrophic . | . . . . . . Database Lockouts . | . . . . . . Manual 10 | . 7 . . . 3 Terminals 8 | . 6 . . . 2 Fabricators . | . . . . . . Repair Stations . | . . . . . . Recycling Units 3 | . 2 . . . 1 Scanalyzers . | . . . . . . Garrison Access . | . . . . . . Terminal Hacks 24 | . 1 . 23 . . Record 23 | . . . 23 . . Robot Analysis 1 | . 1 . . . . Fabricator Hacks . | . . . . . . Repair Station Hacks . | . . . . . . Recycling Unit Hacks . | . . . . . . Scanalyzer . | . . . . . . Garrison Access Hacks . | . . . . . . Unauthorized Hacks 4 | . 2 . . . 2 Terminals 2 | . 1 . . . 1 Botnet 2 | . 1 . . . 1 Fabricators . | . . . . . . Repair Stations . | . . . . . . Recycling Units 2 | . 1 . . . 1 Tunnel 2 | . 1 . . . 1 Scanalyzers . | . . . . . . Garrison Access . | . . . . . . Data Cores Recovered . | . . . . . . Used . | . . . . . . Hacking Detections 2 | . 1 . . . 1 Full Trace Events . | . . . . . . Feedback Events . | . . . . . . Feedback Blocked . | . . . . . . Robot Schematics Acquired . | . . . . . . Robots Built . | . . . . . . Authchips . | . . . . . . Time . | . . . . . . Total Robot Build Rating . | . . . . . . Part Schematics Acquired . | . . . . . . Parts Built . | . . . . . . Authchips . | . . . . . . Time . | . . . . . . Total Part Build Rating . | . . . . . . Part Studies Acquired . | . . . . . . Parts Repaired . | . . . . . . Time . | . . . . . . Parts Recycled . | . . . . . . Recycled Matter . | . . . . . . Retrieved Matter . | . . . . . . Retrieved Components . | . . . . . . Parts Scanalyzed . | . . . . . . Part Schematics Acquired . | . . . . . . Parts Damaged . | . . . . . . Bothacking | -11 -10 -10 -10 -9 -8 ------------ Run | Yrd Mat Min Exi Min Mat Used RIF Installer . | . . . . . . Robots Hacked . | . . . . . . Non-combat . | . . . . . . Combat . | . . . . . . Robot Hacks Applied . | . . . . . . Relay Couplers Released . | . . . . . . Fabnet Peak Effective % . | . . . . . . Robots Rewired . | . . . . . . Allies Hacked . | . . . . . . Hacks Repelled . | . . . . . . Allies | -11 -10 -10 -10 -9 -8 -------- Run | Yrd Mat Min Exi Min Mat Total Allies 5 | . . 2 . 3 . Largest Group 3 | . . 2 1 3 . Highest-Rated Group 49 | . . 49 18 40 . Highest-Rated Ally 31 | . . 31 18 16 . Total Orders . | . . . . . . Ally Attacks 20 | . . 6 . 14 . Total Damage 240 | . . 128 . 112 . Kills 6 | . . 1 . 5 . Allies Corrupted . | . . . . . . Allies Melted . | . . . . . . Intel | -11 -10 -10 -10 -9 -8 ------- Run | Yrd Mat Min Exi Min Mat Active Infowar (turns) . | . . . . . . Robot Analysis Total 1 | . 1 . . . . Derelict Logs Recovered 2 | . . 2 . . . Drone Launches . | . . . . . . Drone Recoveries . | . . . . . . Exploration | -11 -10 -10 -10 -9 -8 ------------- Run | Yrd Mat Min Exi Min Mat Turns Passed 2568 | 68 527 546 216 470 741 Spaces Moved 1399 | 47 272 292 136 314 338 Core 2 | 2 . . . . . Treads 1095 | 19 272 292 136 171 205 Legs . | . . . . . . Wheels 302 | 26 . . . 143 133 Hover . | . . . . . . Flight . | . . . . . . Fastest Speed 50 | 50 160 160 160 105 105 Average Speed 148 | 115 160 160 160 135 140 Slowest Speed 240 | 160 160 160 160 160 240 Overloaded Moves . | . . . . . . Propulsion Burnouts . | . . . . . . Robots Hopped . | . . . . . . Potential Cave-ins . | . . . . . . Cave-ins Triggered . | . . . . . . Exploration Rate (%) 46 | 4 44 73 50 70 36 Regions Visited 5 Branch Regions 3 Pre-discovered Areas 3 | . 1 . 1 . 1 Known Exits Taken . | . . . . . . Unknown Exits Taken 5 | 1 1 1 1 1 . Scrap Searched 2 | . . . . 2 . Spaces Dug . | . . . . . . Terrain Destroyed . | . . . . . . Melee . | . . . . . . Projectile . | . . . . . . AOE . | . . . . . . Terrain Rammed . | . . . . . . Walls Destroyed . | . . . . . . Machines Disabled . | . . . . . . Actions | -11 -10 -10 -10 -9 -8 --------- Run | Yrd Mat Min Exi Min Mat Total 1705 | 57 322 356 135 340 495 Wait 152 | . 20 54 . 8 70 Move 1394 | 46 271 291 135 313 338 Hop . | . . . . . . Pick Up 24 | 3 4 2 . 6 9 Fast Attach 13 | 6 1 . . 1 5 Attach 11 | . 1 . . 2 8 Detach . | . . . . . . Swap 13 | 2 3 2 . 2 4 Drop 6 | . . . . . 6 Fire 91 | . 21 7 . 8 55 Melee . | . . . . . . Ram . | . . . . . . Kick . | . . . . . . Crush 1 | . 1 . . . . Escape Stasis . | . . . . . . Rewire . | . . . . . . Trap . | . . . . . . Miscellaneous . | . . . . . . Route ------- -11/Scrapyard -10/Materials (discovered 2 exits: *Mat / [*Min]) -10/Mines (discovered 3 exits: *Mat x2 / *Exi) -10/Exiles -9/Mines -8/Materials (discovered 2 exits: [*Fac] / [*Sto]) History --------- Turn | Location | Event 21 | -11/Scrapyard | Discovered new exit (range 14) 69 | -11/Scrapyard | Entered Materials 178 | -10/Materials | Discovered new exit (range 8) 314 | -10/Materials | Build established: Mutant 437 | -10/Materials | Discovered new exit (range 9) 596 | -10/Materials | Entered Mines 640 | -10/Mines | Identified exit to Materials 739 | -10/Mines | Learned Materials security intel 814 | -10/Mines | A weapon hastily lodged in a ceiling crevice suddenly fell to the ground 856 | -10/Mines | Received a Rocket Launcher from a helpful Derelict 969 | -10/Mines | Discovered exit to Materials (range 5) 1106 | -10/Mines | Deemed a non-threat by the Exiles lab entrance 1108 | -10/Mines | Discovered new exit (range 5) 1142 | -10/Mines | Entered Exiles 1142 | -10/Exiles | Accompanied by 1 ally 1181 | -10/Exiles | Met 8R-AWN 1210 | -10/Exiles | Met EX-HEX 1272 | -10/Exiles | Met EX-DEC 1278 | -10/Exiles | Learned location of Zion (-6) 1336 | -10/Exiles | Discovered new exit (range 14) 1358 | -10/Exiles | Entered Mines 1362 | -9/Mines | Assisted by bots powering up and referring to "LRC-V3" 1627 | -9/Mines | Assembled infested the area 1632 | -9/Mines | Assisted by a Guerilla fighting off Assembled 1677 | -9/Mines | Core integrity fell below 50% 1681 | -9/Mines | Lost 3 allies 1709 | -9/Mines | Lost 3 parts (1p2n) 1810 | -9/Mines | Discovered new exit (range 15) 1828 | -9/Mines | Entered Materials 1828 | -8/Materials | Evolved 4 slots: Propulsion x2, Utility x2 2343 | -8/Materials | Build established: Scavenger-Mutant 2392 | -8/Materials | Lost 5 parts (1p3n1u) 2453 | -8/Materials | Discovered new exit (range 3) 2562 | -8/Materials | Discovered new exit (range 7) 2569 | -8/Materials | Self-destructed Last Messages --------------- 02469_ A-02 Transporter destroyed. 02489_ Connecting with Recycling Unit... >>Force(Tunnel) DISCOVERED[-6/Factory] 02489_ ALERT: Suspicious activity at Recycling Unit M001. Dispatching Investigation squad. 02496_ K-01 Serf collects debris. 02504_ R-06 Scavenger collects Particle Charger. 02510_ T-07 Excavator is excavating. 02527_ U-05 Engineer lays Concrete. 02530_ U-05 Engineer builds a Wall. 02531_ O-16 Technician uses terminal to summon reinforcements. 02531_ ALERT: Hostiles spotted, dispatching reinforcements to Terminal M009. 02531_ O-16 Technician locks terminal. 02531_ T-07 Excavator is excavating. 02562_ EXIT=FOUND 02567_ Beamcaster destroyed. Map ----- +----------------------------------------------------+ | ?????????????????????????????????????????????????? | | ?????????????????????????????????????????????????? | | ?????????????????????????????????????????????????? | | ????????????????????????????? ?????????????????? | | ????????????????????????????# ?????????????????? | | ????????????????????????????# ?????????????????? | | ????????????????????????????# ?????????????????? | | ????????????????????????????# #????????????????? | | ????????????????????????????# #????????????????? | | ????????????????????????????# #????????????????? | | ????????????????????????????+ +????????????????? | | ????????????????????????????# #?????????#####??? | | ????????????????????????????# #?????????# #??? | | ???????????????????????????## ##???????? ???? | | ???????????????????????????# ########## ####?? | | ???????????????????????????#^ #?? | | ???????????????????????????+ T #?? | | ???????????????????????????# #?? | | ???????????????????????????# ###+####### #?? | | ???????????????????????????###m### ????# #?? | | ????????????????????????######Y### ??# #?? | | ??????????????????#####?# # ## #?? | | ????????????####### # # ## #?? | | ????????? # # ## #?? | | ????????? < + """ # ## #?? | | ????????? #@""""" # ## #?? | | ????????????####### # """"" # ## #?? | | ??????????????????## ?# """"" # ## #?? | | ???????????????????# ?# """ ####+###### #?? | | ???????????????????# ??# ! #?????????# #?? | | ???????????????????# ?##########?????????# #?? | | ???????????????????# #####??????????###### ### | | ???????????????????# ^ ??? | | ???????????????????# ??? | | ???????????????????# "" ???? | | ???????????????????# T" ############+######+### | | ???????????????????# "" # ## #?????? | | ???????????????????+ !# """"" # !!!#?????? | | ???????????????????# # """"" ## !!!#?????? | | ???????????????????# # """" ##* !!!#?????? | | ???????????????????# ^ # % ## #?????? | | ???????????????????#^ # % #? ???????? | | ???????????????????# ###+########+########## | | ???????????????????# ^!! [ % [=%[ | | ???????????????????+ !! ![## | | ???????????????????# !! / *[#? | | ???????????????????# |[ ################ #? | | ???????????????????# ! %#??????????????# # | | ???????????????????#####[[*#??????????????#==!!]]# | | ???????########????????#[[!################==!!]]# | +----------------------------------------------------+ Best States ------------- Heat Dissipation 55 Energy Generation 18 Energy Capacity 310 Matter Stores 300 Matter Capacity 300 Sight Range 16 Terrain Scan Density 10 Armor Coverage 150 Evasion (%) 42 Recoil Reduction 3 Item Schematics ----------------- None Robot Schematics ------------------ None Fabricated ------------ Nothing Repaired ---------- Nothing Studied --------- None Alien Tech Used ----------------- None Achievements -------------- None Challenges ------------ None Game ------ Seed EncryptedBehemothLaser Manual? 0 Play Time 00:16:18 Cumulative 253.7 hours Start 2026.08.16 @ 14:32:45 End 2026.08.16 @ 14:46:24 Sessions 1 Manual Loads 0 Difficulty Rogue Special Mode None Game No. 251 Rogue 197 Adventurer 54 Explorer 0 Win Type - Total 11 Types 7/0/1/1/0/0/0/1/0/1 Lore% 76 Gallery% 64 Achievement% 59 Wizard Run 0 Options --------- Layout 1 ASCII 0 Keyboard 0 Movement Mouse Keybinds 1 Fullscreen 2 Font 32/Tamsyn Map View 50x35 Zoom Use 0% Tactical HUD 1 Map Filters NONE Filters NONE Steam 1 RUN: b9094dfd-3d06-45f9-91e7-c95b2e237450